 Dungeon Crawl Stone Soup version 0.20-a0-2-g2b0e13a (webtiles) character file.

28653 motku715517 the Spear-Bearer (level 13, -12/101 (103) HPs)
             Began as an Octopode Fighter on Oct 28, 2016.
             Was a High Priest of Makhleb.
             Mangled by a death yak (13 damage)
             ... on level 4 of the Lair of Beasts.
             The game lasted 00:44:08 (17508 turns).

motku715517 the Spear-Bearer (Octopode Fighter)    Turns: 17508, Time: 00:44:09

HP:   -12/101 (103) AC:  3    Str: 16    XL:     13   Next: 40%
MP:   15/15         EV: 14    Int: 10    God:    Makhleb [*****.]
Gold: 736           SH: 14    Dex: 19    Spells: 0 memorised, 12 levels left

rFire  + . .     SeeInvis .     N - +4 trident of Obsession {freeze, rF+ rC+ rN+ Dex+3}
rCold  + . .     Gourm    .     b - +1 shield
rNeg   + + .     Faith    .     l - +2 hat
rPois  +         Spirit   .     h - amulet of Vitality {Regen+ HP+15}
rElec  .         Reflect  .     n - ring of poison resistance
rCorr  +         Harm     .     L - ring of resist corrosion
MR     +....                    a - ring of protection from magic
Stlth  +++.......               V - ring of positive energy
                                (no ring)
                                (no ring)
                                (no ring)
                                (no ring)

@: no status effects
A: almost no armour, stealthy swim, amphibious, 8 rings, constrict 8, camouflage
1, gelatinous body 1
a: Minor Destruction, Lesser Servant of Makhleb, Major Destruction, Greater
Servant of Makhleb, Renounce Religion


You were on level 4 of the Lair of Beasts.
You worshipped Makhleb.
Makhleb was extremely pleased with you.
You were not hungry.

You visited 4 branches of the dungeon, and saw 18 of its levels.

You collected 1282 gold pieces.
You spent 546 gold pieces at shops.

Inventory:

Hand Weapons
 E - a +1 whip of flaming
 N - the +4 trident of Obsession (weapon) {freeze, rF+ rC+ rN+ Dex+3}
   (You found it on level 8 of the Dungeon)

   It has been specially enchanted to freeze those struck by it, causing extra
   injury to most foes and up to half again as much damage against particularly
   susceptible opponents.
   It can also slow down cold-blooded creatures.
   It affects your dexterity (+3).
   It protects you from fire.
   It protects you from cold.
   It protects you from negative energy.
 X - the cursed +0 spear "Zabil" {pierce, MR++}
   (You found it on level 3 of the Lair of Beasts)

   It inflicts extra damage upon your enemies.
   It affects your resistance to hostile enchantments.
   It has a curse placed upon it.
Missiles
 y - a throwing net (quivered)
Armour
 b - a +1 shield (worn)
 l - a +2 hat (worn)
Jewellery
 a - a ring of protection from magic (on tentacle)
 h - the amulet of Vitality (around mantle) {Regen+ HP+15}
   (You bought it in a shop on level 1 of the Orcish Mines)

   [amulet of regeneration]

   It affects your health (+15).
   It increases your rate of regeneration.
 n - a ring of poison resistance (left tentacle)
 H - an uncursed amulet of rage
 L - a ring of resist corrosion (right tentacle)
 S - an uncursed ring of ice
 T - an uncursed amulet of harm {unknown}
 V - a ring of positive energy (on tentacle)
Wands
 u - a wand of polymorph (11/24)
 x - a wand of flame (13/48)
 C - a wand of lightning (6/15)
 D - a wand of polymorph (12/24)
 G - a wand of lightning (8/15)
 K - a wand of iceblast (6/15)
 O - a wand of lightning (8/15)
 Q - a wand of iceblast (7/15)
Scrolls
 e - 5 scrolls of teleportation
 f - 4 scrolls of blinking
 g - a scroll of enchant armour
 i - a scroll of fear
 j - 4 scrolls of enchant weapon
 k - a scroll of fog
 m - a scroll of random uselessness
 r - 3 scrolls of noise
 t - 5 scrolls of amnesia
 v - a scroll of magic mapping
 F - 7 scrolls of remove curse
 M - 3 scrolls of identify
Potions
 c - a potion of might
 o - 3 potions of cancellation
 p - 2 potions of degeneration
 q - 3 potions of curing
 s - 2 potions of flight
 w - 3 potions of invisibility
 A - 2 potions of mutation
 B - a potion of lignification
 J - a potion of magic
 P - a potion of haste
 U - a potion of beneficial mutation {unknown}
Miscellaneous
 W - a phial of floods
Comestibles
 d - 3 bread rations
 z - 35 fruits
 I - 12 meat rations
 R - 6 slices of pizza
 Y - 9 chunks of flesh


   Skills:
 - Level 8.0 Fighting
 - Level 10.4 Maces & Flails
 * Level 13.7 Polearms
 - Level 3.0 Dodging
 + Level 12.0 Shields
 - Level 3.1 Evocations


You had 12 spell levels left.
You didn't know any spells.

Dungeon Overview and Level Annotations

Branches:
Dungeon (11/15)            Temple (1/1) D:4            Lair (4/6) D:11
  Swamp (0/4) Lair:3        Snake (0/4) Lair:3          Orc (2/2) D:10
    Elf: Orc:2

Altars:
Ashenzari
Cheibriados
Dithmenos
Elyvilon
Fedhas
Gozag
Hepliaklqana
Kikubaaqudgha
Makhleb
Nemelex Xobeh
Okawaru
Qazlal
Ru
Sif Muna
Trog
Uskayaw
Vehumet
Xom
Yredelemnul
Zin
The Shining One
Beogh
Lugonu

Shops:
Orc:1 (?=

Annotations:
D:6 exclusion: downstairs
D:10 exclusion: ice statue
Lair:3 exclusion: downstairs
Orc:1 exclusion: downstairs
Orc:2 Saint Roka


Innate Abilities, Weirdness & Mutations

You cannot wear most types of armour.
You are very stealthy in the water. (Stealth+)
You are amphibious.
You can wear up to eight rings at the same time.
You can use your tentacles to constrict eight enemies at once.
Your skin changes colour to match your surroundings (Stealth+).
Your rubbery body absorbs attacks. (AC +1, EV +1)


Message History

Makhleb accepts your kill.
You feel better.
You start resting.
The death yak gores you! You block the death yak's attack.
You block the death yak's attack.
The death yak bellows!
You block the death yak's attack. The death yak gores you!!
The death yak gores you!! You block the death yak's attack.
The death yak gores you!!
* * * LOW HITPOINT WARNING * * *
The death yak closely misses you. The death yak gores you.
* * * LOW HITPOINT WARNING * * *
The death yak gores you!
* * * LOW HITPOINT WARNING * * *
You hit the death yak but do no damage. The death yak gores you!
You die...

## .. #.....##....#......+...
.##.##.###.#....?............####
.............................##..
.................................
..................?.......Y......
........................Y.....#.#
............................##.##
.......<........YY..........###.#
................@Y..###......##..
................#....##......#P.Y
..P.............##...#.......H...
P#P#.÷..........(...........##P..
.PP#P†..........##....#.....###..
................##....#.....# #.P
..................##+##.....# ###
...##P..........P###.#P.(...#
####.........................


You could see 3 death yaks.

Vanquished Creatures
  Gastronok (Lair:1)
  Fannar (Lair:1)
  A hydra (D:9)
  2 death yaks (Lair:4)
  The ghost of brucemayne the Basher, a novice OgBe of Trog (D:10)
  2 unseen horrors
  2 orc sorcerers
  An ugly thing (D:11)
  An oklob plant (Lair:2)
  Joseph (Lair:1)
  A gargoyle (D:10)
  2 spiny frogs (Lair:2)
  3 komodo dragons (Lair:2)
  4 polar bears
  A hornet (D:11)
  5 hippogriffs
  A two-headed ogre (D:10)
  3 trolls
  2 dream sheep (D:9)
  35 yaks
  A basilisk (Lair:2)
  2 wargs (Orc:2)
  5 swamp worms (Lair:3)
  4 nagas (Lair:3)
  Duvessa (D:7)
  4 porcupines
  A water moccasin (D:9)
  18 orc warriors
  5 sky beasts
  2 eyes of draining
  An ice beast (D:10)
  2 black bears
  5 centaurs
  9 ogres
  A phantom (D:9)
  7 necrophages (Lair:2)
  7 big kobolds
  4 crocodiles
  15 bullfrogs
  Dowan (D:7)
  A wyvern zombie (D:6)
  A wyvern skeleton (D:10)
  2 scorpions
  5 killer bees (D:10)
  3 howler monkeys
  4 wights (D:10)
  An electric eel (Lair:3)
  3 bullfrog zombies
  5 crimson imps
  Crazy Yiuf (D:2)
  5 hounds
  7 orc priests
  4 jellies
  2 bullfrog skeletons
  A centaur skeleton (D:7)
  Jessica (D:2)
  3 iguanas
  Ijyb (D:2)
  Natasha (thrice) (D:2)
  Terence (D:2)
  23 orc wizards
  7 worker ants
  A hound zombie (D:5)
  A hound skeleton (D:4)
  A worker ant zombie (D:6)
  Robin (D:4)
  A howler monkey skeleton (D:10)
  3 gnolls (D:7)
  16 adders
  3 shadow imps
  An ooze (D:5)
  2 adder skeletons
  2 worms (D:2)
  5 dart slugs
  3 leopard geckos (D:3)
  72 orcs
  7 giant cockroaches
  13 goblins
  10 hobgoblins
  13 jackals
  6 quokkas
  6 bats
  5 frilled lizards
  24 kobolds
  A leopard gecko skeleton (D:6)
  A leopard gecko zombie (D:6)
  2 quokka skeletons
  7 rats
456 creatures vanquished.

Vanquished Creatures (others)
  2 fungi
  A plant (D:9)
  4 toadstools (D:1)
7 creatures vanquished.

Grand Total: 463 creatures vanquished

Notes
Turn   | Place    | Note
-------+----------+-------------------------------------------
     0 | D:1      | motku715517 the Octopode Fighter began the quest for the Orb.
     0 | D:1      | Reached XP level 1. HP: 16/16 MP: 1/1
   297 | D:1      | Reached XP level 2. HP: 21/21 MP: 2/2
   635 | D:1      | Reached XP level 3. HP: 20/26 MP: 3/3
   816 | D:2      | Noticed Ijyb
   830 | D:2      | Killed Ijyb
   886 | D:2      | Noticed Jessica
   943 | D:2      | Reached XP level 4. HP: 32/32 MP: 4/4
  1239 | D:2      | Noticed Natasha
  1241 | D:2      | Noticed Terence
  1250 | D:2      | Killed Natasha
  1287 | D:2      | Killed Terence
  1287 | D:2      | Reached XP level 5. HP: 24/37 MP: 5/5
  1288 | D:2      | Noticed Natasha
  1384 | D:2      | Killed Natasha
  1663 | D:2      | Noticed Natasha
  1674 | D:2      | Killed Natasha
  1713 | D:2      | Killed Jessica
  1764 | D:2      | Reached XP level 6. HP: 38/43 MP: 6/6
  1787 | D:2      | Found a runed door.
  1791 | D:2      | Noticed Crazy Yiuf
  1799 | D:2      | Killed Crazy Yiuf
  2989 | D:4      | Reached skill level 5 in Maces & Flails
  3252 | D:4      | Reached XP level 7. HP: 43/49 MP: 7/7
  3334 | D:4      | Found a shattered altar of Ashenzari.
  3555 | D:4      | Found a hazy altar of Hepliaklqana.
  3563 | D:4      | Reached skill level 5 in Fighting
  3583 | D:4      | Noticed Robin
  3995 | D:4      | Reached skill level 5 in Shields
  4086 | D:4      | Killed Robin
  4184 | D:4      | Found a staircase to the Ecumenical Temple.
  4298 | Temple   | Entered the Ecumenical Temple
  4466 | Temple   | Became a worshipper of Makhleb the Destroyer
  4514 | D:5      | Entered Level 5 of the Dungeon
  4537 | D:5      | Reached XP level 8. HP: 44/56 MP: 8/8
  4829 | D:5      | Found a white marble altar of Elyvilon.
  4829 | D:5      | Found a deep blue altar of Sif Muna.
  5722 | D:5      | Reached * piety under Makhleb
  5964 | D:6      | Reached XP level 9. HP: 58/63 MP: 9/9
  6855 | D:7      | Reached ** piety under Makhleb
  7704 | D:7      | Noticed Duvessa
  7706 | D:7      | Noticed Dowan
  7714 | D:7      | Killed Duvessa
  7714 | D:7      | Killed Dowan
  8006 | D:7      | Found a shimmering altar of Xom.
  8007 | D:7      | Found a radiant altar of Vehumet.
  8186 | D:6      | Reached skill level 10 in Maces & Flails
  8314 | D:7      | Reached XP level 10. HP: 72/72 MP: 10/10
  8590 | D:7      | Found a sparkling altar of Nemelex Xobeh.
  8590 | D:7      | Found a glowing golden altar of the Shining One.
  8593 | D:7      | Found a snail-covered altar of Cheibriados.
  8594 | D:7      | Found a glowing silver altar of Zin.
  9039 | D:8      | Got an iridescent trident
  9040 | D:8      | Identified the +4 trident of Obsession {freeze, rF+ rC+ rN+ Dex+3} (You found it on level 8 of the Dungeon)
  9122 | D:8      | Reached skill level 1 in Polearms
  9230 | D:8      | Reached *** piety under Makhleb
  9317 | D:8      | Reached skill level 2 in Polearms
  9935 | D:9      | Reached skill level 3 in Polearms
 10762 | D:9      | Reached skill level 4 in Polearms
 10971 | D:9      | Reached skill level 5 in Polearms
 11030 | D:9      | Reached skill level 6 in Polearms
 11041 | D:9      | Reached XP level 11. HP: 77/77 MP: 11/11
 11068 | D:9      | Noticed a two-headed hydra
 11556 | D:10     | Entered Level 10 of the Dungeon
 11587 | D:9      | HP: 2/77 [something (11)]
 11612 | D:9      | Killed an unseen horror
 11612 | D:9      | Reached skill level 7 in Polearms
 11954 | D:9      | Killed a two-headed hydra
 12076 | D:10     | Reached **** piety under Makhleb
 12076 | D:10     | Reached skill level 8 in Polearms
 12255 | D:10     | Noticed brucemayne's ghost (novice OgBe)
 12264 | D:10     | Killed brucemayne's ghost
 12376 | D:10     | Killed an unseen horror
 12376 | D:10     | Reached skill level 1 in Evocations
 12639 | D:10     | Found a staircase to the Orcish Mines.
 12916 | Orc:1    | Entered Level 1 of the Orcish Mines
 12964 | Orc:1    | Reached skill level 9 in Polearms
 13006 | Orc:1    | Found a roughly hewn altar of Beogh.
 13245 | Orc:1    | Found Corphyre's Magic Scroll Emporium.
 13255 | Orc:1    | Bought a scroll of identify for 28 gold pieces
 13284 | Orc:1    | Found Cuitsiqu's Weapon Emporium.
 13354 | Orc:2    | Entered Level 2 of the Orcish Mines
 13470 | Orc:2    | Found a roughly hewn altar of Beogh.
 13607 | Orc:2    | Reached skill level 10 in Shields
 13636 | Orc:1    | Noticed an orc sorcerer
 13639 | Orc:1    | Reached ***** piety under Makhleb
 13644 | Orc:1    | Noticed a sun demon
 13644 | Orc:1    | Killed an orc sorcerer
 13682 | Orc:1    | Found Rirampaff's Jewellery Shoppe.
 13688 | Orc:1    | Bought the amulet of Vitality {Regen+ HP+15} for 518 gold pieces
 13840 | Orc:2    | Noticed an orc knight
 13870 | Orc:2    | Reached XP level 12. HP: 82/82 MP: 14/14
 13950 | Orc:2    | Reached skill level 10 in Polearms
 14002 | Orc:2    | Noticed Saint Roka
 14390 | D:11     | Found a staircase to the Lair.
 14455 | Lair:1   | Entered Level 1 of the Lair of Beasts
 14575 | Lair:1   | Reached skill level 11 in Polearms
 14630 | Lair:1   | Noticed Gastronok
 14654 | Lair:1   | Killed Gastronok
 14843 | Lair:1   | Noticed Fannar
 14855 | Lair:1   | Killed Fannar
 14893 | Lair:1   | Noticed Joseph
 14905 | Lair:1   | Killed Joseph
 15061 | Lair:1   | Got a jewelled long sword
 15062 | Lair:1   | Identified the +8 long sword "Xyrhesyn" {flame, Dex+2} (You found it on level 1 of the Lair of Beasts)
 15329 | Lair:2   | Reached skill level 12 in Polearms
 15839 | Lair:2   | Reached XP level 13. HP: 86/86 MP: 15/15
 15968 | Lair:2   | Reached skill level 13 in Polearms
 16266 | Lair:3   | Found a staircase to the Snake Pit.
 16757 | Lair:3   | Got a brightly glowing spear
 16758 | Lair:3   | Identified the cursed +0 spear "Zabil" {pierce, MR++} (You found it on level 3 of the Lair of Beasts)
 16828 | Lair:3   | Found a staircase to the Swamp.
 17507 | Lair:4   | HP: 1/101 [death yak (17)]
 17508 | Lair:4   | Mangled by a death yak

Vault maps used:
D:1:      ldierk_water_garden, minivault_26, fountainhead, feat_on_display
D:2:      lemuel_upstairs_altar, kennysheep_generic_room_8, uniq_iyjb,
          uniq_terence, uniq_jessica, uniq_natasha, uniq_crazy_yiuf_cottage
D:3:      kennysheep_six_static_rooms
D:4:      grunt_temple_overflow_open, uniq_robin
D:5:      amethyst_overflow_temple_binary, first_bread
D:6:      patterned_corridor
D:7:      minitemple, uniq_duvessa
D:8:      grunt_ministairs_2
D:9:      hangedman_ranch
D:10:     orc_0_dummy, serial_glass, glass_columns_c, glass_columns_a,
          minivault_15, st_stairs_9
D:11:     lair_0_dummy
Temple:   kb_corrupted_temple
Lair:1:   serial_bayou_pond_e, uniq_fannar, uniq_gastronok, uniq_joseph
Lair:2:   st_stairs_12, minivault_26, roderic_carrion_pond, grunt_megastairs_3
Lair:3:   nicolae_swamp_entry_splash_gauntlet,
          minmay_snake_entry_guardpost_small
Lair:4:   cheibrodos_lair_lostbears
Orc:1:    basic_altar, serial_shops, nicolae_shop_stone, shop,
          nicolae_shop_behind_doors
Orc:2:    grunt_orc_community_town_hall, grunt_orc_community_big_house_2,
          grunt_orc_community_big_house_2, grunt_orc_community_house_1,
          grunt_orc_community_house_3, grunt_orc_community_house_3,
          grunt_orc_community_house_3, grunt_orc_community_house_1,
          guppyfry_orc_lava_fort

Skill      XL: |  1  2  3  4  5  6  7  8  9 10 11 12 13 |
---------------+----------------------------------------+-----
Maces & Flails | 3 4 5 6 8 10 | 10.4
Fighting       | 4 5 6 7 8 |  8.0
Shields        | 4 5 6 7 8 10 11 12 | 12.0
Polearms       | 6 9 12 13 | 13.7
Evocations     | 3 |  3.1
Dodging        | |  3.0

Action                   |  1- 3 |  4- 6 |  7- 9 | 10-12 | 13-15 || total
-------------------------+-------+-------+-------+-------+-------++-------
Melee: Flail             |    39 |       |       |       |       ||    39
       Constrict         |    15 |    38 |    75 |   103 |     9 ||   240
       Tentacles         |    13 |    30 |    95 |   221 |    56 ||   415
       Whip              |    15 |   145 |   437 |   251 |       ||   848
       Trident           |       |       |       |   622 |   204 ||   826
 Abil: Evoke Berserk Rag |       |       |     1 |     4 |       ||     5
  Use: Scroll            |       |       |     8 |    12 |     1 ||    21
       Potion            |       |       |     2 |     8 |       ||    10
 Stab: Sleeping          |     4 |     8 |     9 |    11 |     4 ||    36
       Distracted        |       |       |     1 |     2 |     1 ||     4
  Eat: Chunk             |       |     7 |    14 |    22 |     6 ||    49
       Fruit             |       |       |     2 |     4 |       ||     6
       Beef jerky        |       |       |     1 |     2 |       ||     3
Armor: Skin              |     7 |    14 |    30 |    46 |    10 ||   107
Dodge: Dodged            |    12 |    48 |    79 |   217 |    44 ||   400
Block: Shield            |    22 |    45 |   142 |   259 |    56 ||   524
